 Dungeon Crawl Stone Soup version 0.31-a0-1589-g8f5e8aebd6 (webtiles) character file.

Game seed: 8628148135919475467

3023 Atlas the Grappler (level 9, -1/68 HPs)
             Began as a White Draconian Shapeshifter on Jan 5, 2024.
             Was an Initiate of Gozag.
             Slain by a yak (12 damage)
             ... on level 8 of the Dungeon on Jan 6, 2024.
             The game lasted 00:06:39 (6521 turns).

Atlas the Grappler (White Draconian Shapeshifter)   Turns: 6521, Time: 00:06:40

Health: -1/68      AC:  7    Str: 21    XL:     9   Next: 55%
Magic:  9/9        EV: 14    Int: 11    God:    Gozag
Gold:   686        SH:  0    Dex: 16    Spells: 8/8 levels left

rFire   + .          .
                       - Unarmed
rCold   + . .        (no shield)
rNeg    . . .        (body armour unavailable)
rPois   .            (helmet currently unavailable)
rElec   .            (cloak currently unavailable)
rCorr   .            (gloves currently unavailable)
SInv    .            (boots currently unavailable)
Will    .....        (no amulet)
Stlth   +++          h - +6 ring of dexterity
HPRegen 0.31/turn    z - ring of protection from fire
MPRegen 0.11/turn

%: no passive effects
@: short of breath, beast-form
A: beast (slay +4), breathe frost, AC +7, unfitting armour, cold resistance 1,
cold-blooded
a: Breathe Frost, Begin Untransformation, Renounce Religion, Potion Petition,
Call Merchant, Bribe Branch


You were on level 8 of the Dungeon.
You worshipped Gozag.
Gozag was pleased with you.
You were a hulking beast.
You visited 2 branches of the dungeon, and saw 9 of its levels.

You collected 721 gold pieces.
You paid 35 gold pieces to Gozag.

Inventory:

Missiles
 B - a curare-tipped dart
Armour
 d - a +2 cloak
Jewellery
 h - a +6 ring of dexterity (left hand)
 t - a +6 ring of dexterity
 w - a ring of magical power
 z - a ring of protection from fire (right hand)
 A - a ring of protection from fire
Talismans
 b - a beast talisman
 c - a flux talisman
Wands
 x - a wand of iceblast (10)
 C - a wand of polymorph (2)
Scrolls
 e - 4 scrolls of identify {unknown}
 f - 2 scrolls of teleportation {unknown}
 i - a scroll of torment {unknown}
 j - 9 scrolls of immolation {unknown}
 l - a scroll of revelation {unknown}
 m - 3 scrolls of vulnerability {unknown}
 n - 4 scrolls of poison {unknown}
 o - 2 scrolls of amnesia {unknown}
 p - a scroll of blinking {unknown}
 r - 2 scrolls of acquirement {unknown}
 s - 4 scrolls of fear {unknown}
 v - a scroll of enchant weapon {unknown}
 y - 2 scrolls of enchant armour {unknown}
Potions
 a - 2 potions of heal wounds {unknown}
 g - a potion of brilliance {unknown}
 k - 6 potions of curing {unknown}
 q - 2 potions of enlightenment {unknown}
 u - a potion of cancellation {unknown}


   Skills:
 + Level 2.7 Fighting
 + Level 4.6 Dodging
 + Level 4.1 Stealth
 + Level 9.5 Unarmed Combat
 * Level 7.2 Shapeshifting


You had 8 spell levels left.
You didn't know any spells.
Your spell library contained the following spells:

 Spells                   Type           Power      Damage    Failure   Level
 Call Imp                 Summ           0%         N/A       47%         2
 Stone Arrow              Conj/Erth      0%         3d7       71%         3
 Anguish                  Hex/Necr       0%         N/A       98%         4
 Leda's Liquefaction      Alch/Erth      0%         N/A       98%         4
 Borgnjor's Vile Clutch   Necr/Erth      0%         N/A       100%        5
 Starburst                Conj/Fire      0%         6d3       100%        6
 Haunt                    Necr/Summ      0%         N/A       100%        7
 Lehudib's Crystal Spear  Conj/Erth      0%         10d2      100%        8
 Animate Armour           Summ/Erth      Unusable   N/A       N/A         4

Dungeon Overview and Level Annotations

Branches:
Dungeon (8/15)             Temple (1/1) D:4
   Lair: D:8-11

Altars:
Ashenzari
Dithmenos
Elyvilon
Gozag
Hepliaklqana
Makhleb
Nemelex Xobeh
Qazlal
Sif Muna
Uskayaw
Vehumet
Wu Jian
Xom
The Shining One

Annotations:
D:4 2 transporters


Innate Abilities, Weirdness & Mutations

You are a hulking beast.
Your limbs bulge with bestial killing power. (Slay +4)
You can breathe waves of freezing cold which knock back foes.
Your icy white scales are hard. (AC +7)
You cannot fit into any form of body armour.
Your flesh is cold resistant. (rC+)
You are cold-blooded and may be slowed by cold attacks.


Message History

The yak gores you!
You are too injured to fight recklessly!
You are too injured to fight recklessly!
You are too injured to fight recklessly!
You hit the yak but do no damage. You tail-slap the yak.
The yak is severely wounded.
The yak gores you!
* * * LOW HITPOINT WARNING * * *
You punch the yak!
You kill the yak!
Your Stealth skill increases to level 4!
The yak gores you!
* * * LOW HITPOINT WARNING * * *
You see here 8 gold pieces.
The yak attacks as it pursues you! The yak barely misses you.
The yak attacks as it pursues you! The yak barely misses you.
Aiming: Breathe Frost (4% risk of failure)
Press: ? - help, Shift-Dir - straight line, f - yak
Aim: a yak (heavily wounded, 81% to hit)
You exhale a wave of freezing cold.
The freezing breath hits the yak!
The yak is almost dead.
The yak is knocked back by the freezing wind.
The yak collides with the yak!
The yak is lightly wounded.
The yak is almost dead.
The freezing breath hits the yak!
You kill the yak!
The freezing breath hits the yak!
The yak is moderately wounded.
There is an open door here.
You pummel the yak!!
The yak is severely wounded.
You hit the yak but do no damage.
The yak is severely wounded.
The yak barely misses you.
You punch the yak!
Your tail-slap misses the yak.
The yak is almost dead.
The yak gores you!
You die...
Your body crumbles into a pile of gold.

#####.......# #.........#.#
#.#.....#.#.# #.........#.#
#.#.⌠.⌠.#.#.####
#..............###
#.#.....#........#
#...._...........##############
..#.....#.......hY..$..$.......
#................#########.####
..#.⌠.⌠)#........#
..........######## ..#...%.#.#
..........# ...#..##### .....##
...###


You could see a yak.

Vanquished Creatures
  A vampire (D:6)
  Sigmund (D:2)
  2 yaks (D:8)
  3 steam dragons
  Duvessa (D:6)
  A water moccasin (D:7)
  An orc warrior (D:8)
  An ogre (D:5)
  A wolf (D:8)
  2 centaurs
  2 phantoms
  A kobold brigand (D:8)
  Blork the orc (D:6)
  A scorpion (D:7)
  Dowan (D:6)
  6 wights
  A howler monkey (D:5)
  3 bombardier beetles
  A hound (D:6)
  A jelly (D:4)
  An orc priest (D:4)
  3 sleepcaps
  2 orc wizards
  Robin (D:4)
  14 gnolls
  7 adders
  A white imp (D:7)
  2 ufetubi (D:7)
  2 dart slugs
  2 ribbon worms
  18 orcs
  4 ball pythons
  5 bats
  5 endoplasms
  5 giant cockroaches
  15 goblins
  8 hobgoblins
  5 jackals
  6 quokkas
  2 frilled lizards
  13 kobolds
  3 rats
156 creatures vanquished.

Notes
Turn   | Place    | Note
-------+----------+-------------------------------------------
     0 | D:1      | Atlas the Draconian Shapeshifter began the quest for the
                  | Orb.
     0 | D:1      | Reached XP level 1. HP: 16/16 MP: 1/1
    66 | D:1      | Got Voto's Opusculum on Indurated Despair
   113 | D:1      | Reached XP level 2. HP: 22/23 MP: 2/2
   497 | D:2      | Noticed Sigmund
   509 | D:1      | Reached XP level 3. HP: 5/28 MP: 3/3
   718 | D:2      | Killed Sigmund
   719 | D:2      | Reached skill level 4 in Unarmed Combat
   719 | D:2      | Reached XP level 4. HP: 35/35 MP: 4/4
   719 | D:2      | Reached XP level 5. HP: 40/40 MP: 5/5
   936 | D:2      | Found a faded altar of an unknown god.
  1130 | D:3      | Reached skill level 5 in Unarmed Combat
  1156 | D:3      | Reached XP level 6. HP: 31/47 MP: 6/6
  2069 | D:4      | Found a transporter.
  2139 | D:4      | Found a staircase to the Ecumenical Temple.
  2139 | D:4      | Noticed Robin
  2167 | D:4      | Reached skill level 1 in Stealth
  2193 | Temple   | Entered the Ecumenical Temple
  2272 | Temple   | Became a worshipper of Gozag Ym Sagoz the Greedy
  2298 | D:4      | Your scales start taking on an icy white colour.
  2298 | D:4      | Reached XP level 7. HP: 30/52 MP: 7/7
  2298 | D:4      | Gained mutation: Your flesh is cold resistant. (rC+) [White
                  | Draconian growth]
  2303 | D:4      | Killed Robin
  2308 | D:4      | Reached skill level 5 in Shapeshifting
  2436 | D:4      | Found a transporter.
  3151 | D:5      | Entered Level 5 of the Dungeon
  3274 | D:5      | Reached skill level 6 in Unarmed Combat
  3512 | D:5      | Found the +5 Lochaber axe {reach-cleave, Poleaxe ^Drain}
  3963 | D:6      | Reached skill level 7 in Unarmed Combat
  3963 | D:6      | Reached XP level 8. HP: 61/61 MP: 8/8
  3967 | D:6      | Noticed Blork the orc
  3972 | D:6      | Killed Blork the orc
  4578 | D:6      | Noticed Dowan
  4579 | D:6      | Noticed Duvessa
  4587 | D:6      | Killed Dowan
  4594 | D:6      | Killed Duvessa
  4595 | D:6      | Reached skill level 8 in Unarmed Combat
  5297 | D:7      | Identified the +0 ring mail of the Hippo {rPois rC+ Will+++
                  | Str-4}
  5589 | D:7      | Reached XP level 9. HP: 67/67 MP: 9/9
  6157 | D:8      | Reached skill level 9 in Unarmed Combat
  6445 | D:8      | Got the Codex of Syndicalism
  6458 | D:8      | Found a white marble altar of Elyvilon.
  6521 | D:8      | Slain by a yak

Illustrated notes

Levels and vault maps discovered:
D:1:      ebering_hopf_link, layout_rooms, minmay_worlds_worst_comb
D:2:      layout_rooms, chequers_ecumenical_altar_island, minmay_distorted,
          uniq_sigmund
D:3:      minmay_inner_zag, layout_rooms
D:4:      gammafunk_wand_slinger, layout_rooms, temple_statues,
          amcnicky_mini_pool_small, minmay_fractal_squares_5, uniq_robin
D:5:      layout_loops_cross, kennysheep_flooded_box
D:6:      layout_gridville, nicolae_eternal_life, st_stairs_4, uniq_duvessa,
          uniq_blork_the_orc
D:7:      layout_loops_ring
D:8:      layout_basic, elyvilon_altar_5, grunt_temple_overflow_open,
          erik_lair_orcish_takeover
Temple:   hellmonk_temple_forest_ring

Skill      XL: |  1  2  3  4  5  6  7  8  9 |
---------------+----------------------------+-----
Dodging        | 2 3 4 |  4.6
Unarmed Combat | 4 5 7 8 9 |  9.5
Shapeshifting  | 4 5 6 7 |  7.2
Stealth        | 1 3 4 |  4.1
Fighting       | 2 |  2.7

Action                     |  1- 3 |  4- 6 |  7- 9 || total
---------------------------+-------+-------+-------++-------
  Melee: Unarmed           |    74 |   153 |   255 ||   482
         Tailslap          |     3 |    22 |    50 ||    75
         Punch             |     2 |     2 |     9 ||    13
  Throw: Throwing net      |       |       |     2 ||     2
Ability: Breathe Frost     |       |       |     7 ||     7
    Use: Potion            |     1 |       |       ||     1
   Stab: Sleeping          |       |     2 |     7 ||     9
         Held in net/web   |       |       |     1 ||     1
         Distracted        |       |       |     1 ||     1
 Armour: Skin              |    50 |    80 |   120 ||   250
  Dodge: Dodged            |    42 |    85 |   137 ||   264

Table legend: (Time is in decaauts)
 A = Elapsed time spent in this place.
 B = Non-inter-level travel time spent in this place.
 C = Inter-level travel time spent in this place.
 D = Time resting spent in this place.
 E = Time spent auto-exploring this place.
 F = Levels seen in this place.
 G = Mean time per level.
                   A        B        C        D        E       F      G
               +--------+--------+--------+--------+--------+-----+--------+
         Total |   6474 |   6212 |    262 |    871 |   4262 |   9 |  719.3 |
       Dungeon |   6380 |   6156 |    224 |    871 |   4207 |   8 |  797.5 |
        Temple |     94 |     56 |     38 |      0 |     55 |   1 |   94.0 |
               +--------+--------+--------+--------+--------+-----+--------+

Top non-repeatable levels by time:
     D:6: 997 daAuts
     D:5: 917 daAuts
     D:7: 884 daAuts
     D:4: 879 daAuts
     D:3: 852 daAuts
     D:1: 691 daAuts
     D:2: 617 daAuts
     D:8: 540 daAuts
  Temple: 94 daAuts
